[Event "Titled Tuesday Blitz August 08 Early 2023"]
[White "Tosic, Srecko"]
[Black "Kiseljova, Marya"]
[WhiteFideId "924563"]
[BlackFideId "4155009"]
[WhiteElo "2295"]
[BlackElo "2218"]
[Result "1-0"]
[Round "11"]
[TimeControl "180+1"]
[Date "2023.08.08"]
[WhiteClock "0:00:17"]
[BlackClock "0:00:18"]
[Board "152"]

1. e4 c5 2. Nf3 Nc6 3. d4 cxd4 4. Nxd4 g6 5. Nc3 Bg7 6. Nde2 Nf6 7. g3 O-O 8. Bg2 e6 9. O-O d5 10. exd5 exd5 11. Nxd5 Nxd5 12. Qxd5 Qb6 13. Qb3 Qxb3 14. axb3 Bf5 15. c3 Rfe8 16. Nf4 a6 17. Be3 Bc2 18. b4 Be4 19. Bxe4 Rxe4 20. b5 Ne5 21. Nd5 Nc4 22. b3 Nxe3 23. fxe3 Rd8 24. bxa6 bxa6 25. Rf4 Re6 26. Rd1 Bh6 27. Nf6+ Kg7 28. Rxd8 Bxf4 29. Ne8+ Kf8 30. exf4 Rxe8 31. Rxe8+ Kxe8 32. Kf2 Kd7 33. Ke3 Kc6 34. Kd4 Kd6 35. g4 h6 36. h4 h5 37. g5 a5 38. c4 Kc6 39. c5 Kb5 40. Kd5 Kb4 41. c6 Kxb3 42. c7 a4 43. c8=Q a3 44. Qb7+ Ka2 45. Kc4 Ka1 46. Kc3 Ka2 47. Kc2 Ka1 48. Qb1# 1-0


[Site "https://www.chess.com"]

[Event "Titled Tuesday Blitz August 08 Early 2023"]
[White "Falbo, Sandro"]
[Black "Iunusovnuriddin"]
[WhiteFideId "810444"]
[WhiteElo "2184"]
[BlackElo "2294"]
[Result "1-0"]
[Round "11"]
[TimeControl "180+1"]
[Date "2023.08.08"]
[WhiteClock "0:02:08"]
[BlackClock "0:01:02"]
[Board "153"]

1. c4 Nf6 2. Nc3 g6 3. g3 Bg7 4. Bg2 O-O 5. e4 d6 6. Nge2 e5 7. O-O Be6 8. d3 Nc6 9. Nd5 Bxd5 10. cxd5 Nd4 11. Nxd4 exd4 12. h3 c5 13. dxc6 bxc6 14. Qa4 Qb6 15. b3 Nd7 16. Ba3 c5 17. Qxd7 1-0


[Site "https://www.chess.com"]

[Event "Titled Tuesday Blitz August 08 Early 2023"]
[White "Semenova, Alina"]
[Black "LuxLinster"]
[WhiteFideId "24113875"]
[WhiteElo "2096"]
[BlackElo "2265"]
[Result "1-0"]
[Round "11"]
[TimeControl "180+1"]
[Date "2023.08.08"]
[WhiteClock "0:01:34"]
[BlackClock "0:00:07"]
[Board "154"]

1. e4 e5 2. Nf3 Nc6 3. c3 d5 4. Qa4 f6 5. d3 Be6 6. Be2 Qd7 7. O-O g5 8. b4 g4 9. Nfd2 h5 10. exd5 Bxd5 11. c4 Nd4 12. Bd1 Be6 13. Qxd7+ Bxd7 14. Bb2 Bxb4 15. Ne4 f5 16. a3 fxe4 17. axb4 exd3 18. Re1 O-O-O 19. Rxe5 Nc2 20. Rxa7 Kb8 21. Rea5 b6 22. Ra8+ Kb7 23. R5a7+ Kc6 24. Bxh8 Rxa8 25. Rxa8 Ne7 26. Nd2 Nxb4 27. Ba4+ Kd6 28. Bxd7 Kxd7 29. Bc3 Nec6 30. Rh8 Na2 31. Bb2 Na5 32. Rxh5 Kc6 33. f4 gxf3 34. gxf3 Kb7 35. f4 c6 36. f5 b5 37. cxb5 cxb5 38. f6 Nc4 39. f7 Nxd2 40. f8=Q Nc4 41. Rh7+ Kc6 42. Qf3+ Kc5 43. Qxd3 1-0


[Site "https://www.chess.com"]

[Event "Titled Tuesday Blitz August 08 Early 2023"]
[White "Mangialardo, Tiago Carvalho"]
[Black "McLaren, Brian"]
[WhiteFideId "2130718"]
[BlackFideId "2604612"]
[WhiteElo "2082"]
[BlackElo "2254"]
[Result "1-0"]
[Round "11"]
[TimeControl "180+1"]
[Date "2023.08.08"]
[WhiteClock "0:00:15"]
[BlackClock "0:01:00"]
[Board "155"]

1. e4 g6 2. d4 Bg7 3. f4 c6 4. Nf3 d5 5. e5 h5 6. Bd3 Nh6 7. Ng5 Bg4 8. Qd2 e6 9. Rg1 h4 10. h3 Bf5 11. Be2 Qb6 12. Nf3 c5 13. Kf2 Nc6 14. c3 cxd4 15. cxd4 Bxb1 16. Rxb1 Nf5 17. Rd1 Bf8 18. a3 Ncxd4 19. Nxd4 Nxd4 20. Kf1 Nxe2 21. Qxe2 Rc8 22. Be3 Qa5 23. b4 Qxa3 24. Qb5+ Kd8 25. Rd3 Qa2 26. Rbd1 Be7 27. Rxd5+ exd5 28. Rxd5+ Kc7 29. Rd7+ 1-0


[Site "https://www.chess.com"]

[Event "Titled Tuesday Blitz August 08 Early 2023"]
[White "Novikova, Margarita"]
[Black "Yuruultei Batbaatar"]
[WhiteFideId "14109689"]
[BlackFideId "4905962"]
[WhiteElo "2123"]
[BlackElo "2245"]
[Result "1-0"]
[Round "11"]
[TimeControl "180+1"]
[Date "2023.08.08"]
[WhiteClock "0:01:45"]
[BlackClock "0:01:31"]
[Board "156"]

1. e4 c5 2. Nc3 e6 3. d3 Nc6 4. g3 Nf6 5. Bg2 a6 6. Nge2 d5 7. exd5 exd5 8. O-O Bg4 9. h3 Bh5 10. g4 Bg6 11. f4 h6 12. f5 Bh7 13. Nf4 d4 14. Re1+ Be7 15. Ncd5 O-O 16. Nxe7+ Nxe7 17. Bxb7 Rb8 18. Bxa6 Ned5 19. Bc4 Qd6 20. Qf3 Nb4 21. Bb3 Nd7 22. a3 Ne5 23. Qe2 Rfe8 24. axb4 Nf3+ 25. Qxf3 Rxe1+ 26. Kf2 Rbe8 27. Ra8 Rxa8 28. Qxa8+ Re8 29. Qxe8+ Qf8 30. Qxf8+ Kxf8 1-0


[Site "https://www.chess.com"]

[Event "Titled Tuesday Blitz August 08 Early 2023"]
[White "Miguelitro69"]
[Black "Nikulina, Alena"]
[BlackFideId "4172051"]
[WhiteElo "2243"]
[BlackElo "2065"]
[Result "0-1"]
[Round "11"]
[TimeControl "180+1"]
[Date "2023.08.08"]
[WhiteClock "0:00:09"]
[BlackClock "0:00:05"]
[Board "157"]

1. e4 c5 2. Nf3 e6 3. g3 Nf6 4. Nc3 Nc6 5. Bg2 d5 6. exd5 exd5 7. O-O Be7 8. d4 cxd4 9. Nxd4 O-O 10. Bf4 Bg4 11. Qd2 Bb4 12. a3 Ba5 13. Bg5 h6 14. Be3 Ne5 15. b4 Bb6 16. Nb3 Nf3+ 17. Bxf3 Bxf3 18. Bxb6 Qxb6 19. Nd4 Ne4 20. Qd3 Nxc3 21. Qxc3 Be4 22. Nb3 Rac8 23. Nc5 Bf5 24. Qe5 Bh3 25. Rfd1 d4 26. Rxd4 Qc6 27. Qd5 Qg6 28. Rd2 b6 29. Nd3 Rfd8 30. Qf3 Bg4 31. Qe3 Bf5 32. Ne5 Qe6 33. Rxd8+ Rxd8 34. c4 Re8 35. Re1 Bh3 36. f4 f6 37. g4 Bxg4 38. Nxg4 Qxg4+ 39. Kf2 Rxe3 40. Rxe3 Qxf4+ 41. Rf3 Qd2+ 42. Kg3 Qb2 43. c5 Qd4 44. Rf4 Qe5 45. Kf3 bxc5 46. Re4 Qc3+ 47. Kf4 Qxa3 48. b5 Qb3 49. Re7 Qxb5 50. Rb7 Qc4+ 51. Kf5 Qd5+ 52. Kf4 Qxb7 0-1


[Site "https://www.chess.com"]

[Event "Titled Tuesday Blitz August 08 Early 2023"]
[White "Saim, Mohamed Ilias"]
[Black "Pershina, Elena"]
[WhiteFideId "7900465"]
[BlackFideId "24147516"]
[WhiteElo "2007"]
[BlackElo "2336"]
[Result "0-1"]
[Round "11"]
[TimeControl "180+1"]
[Date "2023.08.08"]
[WhiteClock "0:00:01"]
[BlackClock "0:01:22"]
[Board "158"]

1. c4 c6 2. g3 d5 3. Bg2 Nf6 4. Nf3 Bf5 5. O-O e6 6. d3 Be7 7. b3 O-O 8. Bb2 Nbd7 9. Nh4 Bg6 10. Nxg6 hxg6 11. Nd2 Re8 12. e4 dxe4 13. dxe4 e5 14. Qc2 Bf8 15. Rad1 Qc7 16. Kh1 Nc5 17. a3 Rad8 18. Nb1 Ne6 19. Nc3 Nd4 20. Qb1 Nxb3 21. Ba1 Nxa1 22. Qxa1 Bc5 23. Qb2 Bd4 24. Qb3 Nd7 25. Rb1 Nc5 26. Qc2 Ne6 27. Qb3 Bxc3 28. Qxc3 Nd4 29. Qb4 b6 30. a4 c5 31. Qb2 Rd6 32. a5 Red8 33. axb6 axb6 34. Ra1 Ne6 35. Ra6 Nd4 36. Rfa1 Rb8 37. Ra7 Qd8 38. R1a6 Nc6 39. h3 Nxa7 40. Rxa7 Rd2 41. Qxd2 Qxd2 0-1


[Site "https://www.chess.com"]

[Event "Titled Tuesday Blitz August 08 Early 2023"]
[White "Lisjak, Zlatko"]
[Black "Fernandez Hernandez, Gerardo"]
[WhiteFideId "14502186"]
[BlackFideId "2207400"]
[WhiteElo "2175"]
[BlackElo "2229"]
[Result "0-1"]
[Round "11"]
[TimeControl "180+1"]
[Date "2023.08.08"]
[WhiteClock "0:00:00"]
[BlackClock "0:00:08"]
[Board "159"]

1. d4 Nf6 2. Nc3 e6 3. Bf4 Bb4 4. f3 d5 5. e3 O-O 6. g4 c5 7. Ne2 Nc6 8. a3 Bxc3+ 9. Nxc3 cxd4 10. exd4 e5 11. dxe5 Re8 12. Qd2 Nxe5 13. O-O-O Nxf3 14. Qg2 Bxg4 15. Be2 Nh4 16. Qf2 Bxe2 17. Nxe2 Ne4 18. Qg1 Qf6 19. Kb1 Rad8 20. Rf1 Qg6 21. Qxa7 Qa6 22. Qe3 Ng6 23. Nd4 Nf6 24. Qg3 Re4 25. Bg5 Rxd4 26. h4 Rc8 27. h5 Rdc4 28. hxg6 fxg6 29. Bxf6 gxf6 30. Qh3 R4c7 31. Rf2 Qd6 32. Rfh2 d4 33. Qd3 Rd7 34. Rg2 Re8 35. Rxg6+ hxg6 36. Qxg6+ Rg7 37. Qxe8+ Qf8 38. Rh8+ Kxh8 39. Qxf8+ Rg8 40. Qxf6+ Rg7 41. Qd8+ Kh7 42. Qxd4 Kg8 43. a4 Rf7 44. c3 Rf1+ 45. Ka2 Rf7 46. Qd5 Kf8 47. b4 Re7 48. Kb3 Ke8 0-1


[Site "https://www.chess.com"]

[Event "Titled Tuesday Blitz August 08 Early 2023"]
[White "Clawitter, Craig"]
[Black "Wisniowski, Natalie"]
[WhiteFideId "2023105"]
[BlackFideId "30929261"]
[WhiteElo "2192"]
[BlackElo "2038"]
[Result "1-0"]
[Round "11"]
[TimeControl "180+1"]
[Date "2023.08.08"]
[WhiteClock "0:00:05"]
[BlackClock "0:00:02"]
[Board "161"]

1. e4 e6 2. d4 d5 3. e5 c5 4. c3 Nc6 5. Nf3 Qb6 6. a3 Nge7 7. dxc5 Qc7 8. Bf4 Ng6 9. Bg3 Bxc5 10. b4 Be7 11. Bd3 O-O 12. O-O a6 13. Nbd2 b5 14. a4 bxa4 15. Rxa4 Bb7 16. Nb3 Rfd8 17. Nbd4 Qb6 18. h4 Rac8 19. h5 Nf8 20. h6 Ng6 21. hxg7 Kxg7 22. Qd2 Nxd4 23. Nxd4 Rc7 24. Kh2 Rdc8 25. Ra3 Qa7 26. f4 Qb6 27. f5 exf5 28. Nxf5+ Kg8 29. Nh6+ Kg7 30. Rxf7+ Kh8 31. Bxg6 hxg6 32. Qf4 Qe6 33. Ng4 Rf8 34. Qh6+ Kg8 35. Qh7# 1-0


[Site "https://www.chess.com"]

[Event "Titled Tuesday Blitz August 08 Early 2023"]
[White "Samarth J Rao"]
[Black "Steindl, Johannes"]
[WhiteFideId "46652370"]
[BlackFideId "1643266"]
[WhiteElo "2159"]
[BlackElo "2291"]
[Result "0-1"]
[Round "11"]
[TimeControl "180+1"]
[Date "2023.08.08"]
[WhiteClock "0:00:15"]
[BlackClock "0:00:16"]
[Board "163"]

1. d4 Nf6 2. e3 b6 3. Bd3 Bb7 4. Nf3 d6 5. O-O Nbd7 6. Re1 e5 7. dxe5 dxe5 8. e4 Bc5 9. Nc3 Ng4 10. Re2 h5 11. h3 Qe7 12. Nd5 Bxd5 13. exd5 Nxf2 14. Rxf2 Bxf2+ 15. Kxf2 e4 16. Nd4 Qf6+ 17. Nf3 exd3 18. Qxd3 O-O-O 19. Bg5 Qxb2 20. Bxd8 Qxa1 21. Qa6+ Kxd8 22. Qxa7 g5 23. Qa8+ Ke7 24. Qc6 g4 25. Nd2 Qf6+ 26. Qxf6+ Nxf6 27. c4 Ra8 28. hxg4 hxg4 29. Kg3 Rxa2 30. Nf1 Ra3+ 31. Kf4 b5 32. Ne3 bxc4 33. Nf5+ Kd7 34. Ke5 Ne8 35. Nd4 c3 36. Nc2 Ra2 37. Ne1 Re2+ 38. Kd4 Rxe1 39. Kxc3 Re2 40. Kd4 Rxg2 41. Ke3 Rg3+ 42. Kf4 Rd3 43. Kxg4 Rxd5 44. Kf4 Ke6 45. Ke4 Nf6+ 46. Ke3 c5 47. Kf4 c4 48. Kf3 c3 49. Ke2 c2 50. Kf3 c1=Q 51. Kg3 Rd3+ 52. Kh4 Qh6# 0-1


[Site "https://www.chess.com"]

[Event "Titled Tuesday Blitz August 08 Early 2023"]
[White "Grigoryan, Meri"]
[Black "Rodriguez Santiago, Jaime"]
[WhiteFideId "13300571"]
[BlackFideId "3100898"]
[WhiteElo "2153"]
[BlackElo "2285"]
[Result "0-1"]
[Round "11"]
[TimeControl "180+1"]
[Date "2023.08.08"]
[WhiteClock "0:00:18"]
[BlackClock "0:00:42"]
[Board "164"]

1. d4 Nf6 2. Nf3 d5 3. Bf4 c5 4. e3 Nc6 5. dxc5 Qa5+ 6. c3 Qxc5 7. Bd3 Bg4 8. h3 Bxf3 9. Qxf3 e5 10. Qe2 exf4 11. exf4+ Be7 12. O-O O-O 13. g4 Bd6 14. g5 Rfe8 15. Qf3 Ne4 16. b4 Qb6 17. h4 Qc7 18. f5 Bh2+ 19. Kh1 Ne5 20. Qh3 Bf4 21. Be2 Rac8 22. f6 g6 23. h5 Nxg5 24. Qh4 Nd7 25. hxg6 fxg6 26. Rg1 Rxe2 27. Rxg5 Bxg5 28. Qxg5 Qe5 29. f7+ Kxf7 30. Qh4 Re1+ 31. Kg2 Qe4+ 32. Qxe4 dxe4 33. a4 Rxc3 34. Nxc3 Rxa1 35. Nxe4 Rxa4 36. Nd6+ Ke6 37. Nxb7 Rxb4 38. Nd8+ Kf6 39. Nc6 Ra4 40. Kg3 Ne5 41. Nb8 a5 42. Na6 Ra3+ 43. Kf4 a4 44. Nc5 Nd3+ 45. Nxd3 Rxd3 46. Ke4 Rd2 47. f4 a3 48. f5 gxf5+ 49. Kf4 a2 50. Kf3 a1=Q 51. Kf4 Qd4+ 52. Kf3 Rf2+ 53. Kg3 Qf4+ 54. Kh3 Rh2# 0-1


[Site "https://www.chess.com"]

[Event "Titled Tuesday Blitz August 08 Early 2023"]
[White "Floresvillar Gonzalez, Luis Migu"]
[Black "Joshi, Pankaj"]
[WhiteFideId "5100542"]
[BlackFideId "5006210"]
[WhiteElo "2138"]
[BlackElo "2206"]
[Result "0-1"]
[Round "11"]
[TimeControl "180+1"]
[Date "2023.08.08"]
[WhiteClock "0:00:08"]
[BlackClock "0:00:11"]
[Board "165"]

1. e4 c6 2. Bc4 d5 3. exd5 cxd5 4. Bb3 Nf6 5. d4 Bf5 6. Bf4 e6 7. Bxb8 Rxb8 8. Nf3 Bd6 9. Nbd2 h6 10. O-O Qc7 11. Re1 Bg4 12. Qe2 Bxh2+ 13. Kh1 Bd6 14. Ba4+ Kf8 15. c3 h5 16. Qf1 h4 17. Ne5 h3 18. g3 Bxe5 19. dxe5 Ne4 20. Nxe4 Bf3+ 21. Kh2 Bxe4 22. f3 b5 23. Bxb5 Bxf3 24. Qxf3 Rxb5 25. Re2 Qb7 26. Rf1 Rxb2 27. Qxf7+ Qxf7 28. Rxf7+ Kxf7 29. Rxb2 Rc8 30. Rb7+ Kg6 31. Rxa7 Rxc3 32. Re7 Kf5 33. Rxg7 d4 34. Kxh3 d3 35. Rd7 Ke4 36. Rd6 Kxe5 37. Rd8 Ke4 38. a4 Ra3 39. g4 d2+ 40. Kh4 Rd3 41. Re8 d1=Q 42. Rxe6+ Kd5 43. Rg6 Qh1+ 44. Kg5 Re3 45. a5 Re5+ 46. Kf6 Qf1+ 47. Kg7 Re7+ 48. Kh6 Re6 49. Rxe6 Kxe6 50. g5 Qh3+ 51. Kg7 Qf5 52. g6 Qxa5 53. Kh8 Qd8+ 54. Kh7 Qe7+ 55. g7 Kf6 56. Kh8 Qxg7# 0-1


[Site "https://www.chess.com"]

[Event "Titled Tuesday Blitz August 08 Early 2023"]
[White "Ghosh, Chanchal Kumer"]
[Black "campochess"]
[WhiteFideId "10201858"]
[WhiteElo "2088"]
[BlackElo "2185"]
[Result "1-0"]
[Round "11"]
[TimeControl "180+1"]
[Date "2023.08.08"]
[WhiteClock "0:01:14"]
[BlackClock "0:00:08"]
[Board "166"]

1. e4 c5 2. Nf3 Nc6 3. d4 cxd4 4. Nxd4 e5 5. Nb5 a6 6. Nd6+ Bxd6 7. Qxd6 Qe7 8. Qd2 Nf6 9. Nc3 d6 10. Be2 Be6 11. O-O Rd8 12. Bf3 Nd4 13. Qe3 Nxc2 14. Qg5 O-O 15. Rb1 Rfe8 16. Qh4 Nd4 17. Bg5 Nxf3+ 18. gxf3 h6 19. Bxh6 Nh7 20. Qxe7 Rxe7 21. Be3 f5 22. Rfd1 f4 23. Bb6 Rdd7 24. Rd2 Nf6 25. Rbd1 Ne8 26. Nd5 Bxd5 27. Rxd5 Re6 28. Ba5 Kf7 29. Bc3 Nc7 30. Rxe5 Nb5 31. Rf5+ Kg6 32. Rxf4 Nxc3 33. bxc3 Rc7 34. Rd2 Rxc3 35. Kg2 Rc5 36. Rg4+ Kf6 37. h4 b5 38. Re2 a5 39. f4 Kf7 40. f5 Rh6 41. f4 b4 42. e5 dxe5 43. fxe5 Rc7 44. e6+ Kf8 45. Rd2 Ke8 46. Rgd4 Rh5 47. Rd8+ Ke7 48. R2d7+ Rxd7 49. Rxd7+ Kf8 50. Rf7+ Kg8 51. Kg3 Rh6 52. Ra7 Rh5 53. Kg4 Rh6 54. Ra8+ Kh7 55. e7 Rc6 56. e8=Q Rc4+ 57. Kg5 Rxh4 58. Qh8# 1-0


[Site "https://www.chess.com"]

[Event "Titled Tuesday Blitz August 08 Early 2023"]
[White "Osiecki, Stanislaw"]
[Black "Delorme, Axel"]
[WhiteFideId "1102990"]
[BlackFideId "632023"]
[WhiteElo "2007"]
[BlackElo "2467"]
[Result "0-1"]
[Round "11"]
[TimeControl "180+1"]
[Date "2023.08.08"]
[WhiteClock "0:00:00"]
[BlackClock "0:00:42"]
[Board "167"]

1. e4 c5 2. c3 g6 3. Bc4 Bg7 4. Nf3 e6 5. e5 Nc6 6. Qe2 Nge7 7. O-O O-O 8. Re1 d5 9. exd6 Qxd6 10. d3 a6 11. a4 Nf5 12. Be3 Rb8 13. Nbd2 b5 14. axb5 axb5 15. Ne4 Qd8 16. Bb3 Nxe3 17. Qxe3 c4 18. dxc4 bxc4 19. Bxc4 Rxb2 20. Reb1 Rxb1+ 21. Rxb1 e5 22. h3 Bf5 23. Re1 Bxe4 24. Qxe4 Qd6 25. Qd5 Qxd5 26. Bxd5 Ne7 27. c4 Nxd5 28. cxd5 Rd8 29. Rd1 e4 30. Ng5 f5 31. Ne6 Rd6 32. Nc5 Be5 33. Kf1 g5 34. f3 exf3 35. gxf3 Kf7 36. Kg2 Rb6 37. Nd3 Bd4 38. Re1 Ra6 39. Ne5+ Bxe5 40. Rxe5 Kf6 41. Re8 Rd6 42. Rf8+ Ke5 43. Rg8 Kf4 44. h4 h6 45. hxg5 hxg5 46. Ra8 Rxd5 47. Ra4+ Ke3 48. Ra3+ Kf4 49. Ra4+ Ke5 50. Ra8 Rd2+ 51. Kg3 Kd4 52. Rg8 f4+ 53. Kh3 Ke3 54. Rxg5 Kxf3 0-1


[Site "https://www.chess.com"]

[Event "Titled Tuesday Blitz August 08 Early 2023"]
[White "Seifert, Henryk"]
[Black "Guevara Sanchez, Erick Marvin"]
[WhiteFideId "1100963"]
[BlackFideId "6700136"]
[WhiteElo "2023"]
[BlackElo "2109"]
[Result "0-1"]
[Round "11"]
[TimeControl "180+1"]
[Date "2023.08.08"]
[WhiteClock "0:00:00"]
[BlackClock "0:00:27"]
[Board "168"]

1. e4 c5 2. Nf3 Nc6 3. Bb5 Nd4 4. Nxd4 cxd4 5. O-O e6 6. d3 a6 7. Bc4 b5 8. Bb3 Bc5 9. Qh5 Qc7 10. f4 Bb7 11. f5 Nf6 12. Qg5 O-O 13. Bf4 e5 14. Bg3 h6 15. Qh4 d5 16. Nd2 dxe4 17. Nxe4 Bxe4 18. dxe4 d3+ 19. Kh1 d2 20. Rad1 Rad8 21. Bf2 a5 22. c3 a4 23. Bc2 a3 24. bxa3 Bxf2 25. Qxf2 Qxc3 26. Bb1 Rd4 27. Qe2 Rfd8 28. h3 Qxa3 29. Qxb5 Nh5 30. Qxe5 Ng3+ 31. Kg1 Qe3+ 32. Rf2 Qe1+ 33. Kh2 Qxf2 0-1


[Site "https://www.chess.com"]

[Event "Titled Tuesday Blitz August 08 Early 2023"]
[White "Stangl, Anita, Dr."]
[Black "Vargas, Mauricio"]
[WhiteFideId "4608801"]
[BlackFideId "4404572"]
[WhiteElo "2073"]
[BlackElo "1891"]
[Result "1-0"]
[Round "11"]
[TimeControl "180+1"]
[Date "2023.08.08"]
[WhiteClock "0:00:54"]
[BlackClock "0:00:00"]
[Board "169"]

1. e4 d5 2. exd5 Qxd5 3. Nf3 c6 4. Be2 Nf6 5. d4 Qa5+ 6. Nc3 Bg4 7. O-O e6 8. a3 Nbd7 9. Bd2 Qc7 10. h3 h5 11. Bg5 Qd6 12. Re1 Be7 13. Nh2 Bxe2 14. Rxe2 Bd8 15. Nf3 Bc7 16. g3 O-O-O 17. Ne5 h4 18. Bxh4 Rxh4 19. gxh4 Rh8 20. Ne4 Nxe4 21. Rxe4 f6 22. Nf3 f5 23. Re3 Nf6 24. c4 Ne4 25. c5 Qe7 26. Qa4 Kb8 27. b4 g5 28. b5 cxb5 29. Qxb5 gxh4 30. Rb1 Rg8+ 31. Kf1 b6 32. cxb6 Bxb6 33. a4 Qg7 34. Ke2 Rc8 35. a5 Rc2+ 36. Ke1 1-0